 Dungeon Crawl Stone Soup version 0.28.0-45-g0d030f2227 (webtiles) character file.

Game seed: 5019503773073040984

270 nickcage the Vexing (level 6, -1/28 HPs)
             Began as a Spriggan Enchanter on Apr 5, 2022.
             Slain by a quokka (3 damage)
             ... on level 3 of the Dungeon.
             The game lasted 00:10:18 (3583 turns).

nickcage the Vexing (Spriggan Enchanter)            Turns: 3583, Time: 00:10:18

Health: -1/28      AC:  2    Str:  4    XL:     6   Next: 1%
Magic:  1/11       EV: 17    Int: 16    God:
Gold:   90         SH:  0    Dex: 18    Spells: 8/10 levels left

rFire   . . .      SeeInvis +   a - +1 dagger
rCold   . . .      Faith    .   (no shield)
rNeg    . . .      Spirit   .   b - +0 robe
rPois   .          Reflect  .   (helmet restricted)
rElec   .          Harm     .   (no cloak)
rCorr   .          Rampage  .   (gloves unavailable)
Will    +....                   (boots unavailable)
Stlth   +++.......              (no amulet)
HPRegen 0.09/turn               (no ring)
MPRegen 0.12/turn               (no ring)

@: very quick
A: very small, no large weapons, unfitting armour, see invisible, speed 3
a: no special abilities


You were on level 3 of the Dungeon.
You visited 1 branch of the dungeon, and saw 3 of its levels.

You collected 90 gold pieces.

Inventory:

Hand Weapons
 a - a +1 dagger (weapon)
Missiles
 g - 4 atropa-tipped darts (quivered)
Armour
 b - a +0 robe (worn)
Scrolls
 e - 2 scrolls of enchant weapon {unknown}
 h - a scroll of magic mapping {unknown}
 i - a scroll of silence {unknown}
 j - a scroll of vulnerability {unknown}
 k - 2 scrolls of amnesia {unknown}
 l - a scroll of identify {unknown}
 o - a scroll of torment {unknown}
Potions
 c - a potion of invisibility
 d - 3 potions of lignification {unknown}
 f - a potion of curing {unknown}
 m - a potion of degeneration {unknown}
 n - a potion of magic {unknown}


   Skills:
 * Level 5.0 Short Blades
 - Level 2.6 Dodging
 - Level 4.4 Stealth
 - Level 2.6 Spellcasting
 - Level 5.9 Hexes


You had 8 spell levels left.
You knew the following spells:

 Your Spells              Type           Power      Damage    Failure   Level
a - Ensorcelled Hibernat  Hex/Ice        22%        N/A       9%          2

Your spell library contained the following spells:

 Spells                   Type           Power      Damage    Failure   Level
 Confusing Touch          Hex            21%        N/A       4%          3
 Tukima's Dance           Hex            21%        N/A       4%          3
 Dazzling Flash           Conj/Hex       22%        N/A       17%         3


Dungeon Overview and Level Annotations

Branches:
Dungeon (3/15)

Altars:


Innate Abilities, Weirdness & Mutations

You are very small and have problems with some larger weapons.
You are too small for most types of armour.
You have supernaturally acute eyesight. (SInv)
You cover ground extremely quickly. (Speed+++)


Message History

You barely miss the giant cockroach.
The giant cockroach is moderately wounded.
The giant cockroach misses you.
You barely miss the giant cockroach.
The giant cockroach is moderately wounded.
The quokka bites you but does no damage.
The quokka closely misses you. The giant cockroach closely misses you.
You hit the giant cockroach but do no damage.
The giant cockroach is moderately wounded.
The quokka closely misses you. The quokka barely misses you.
The giant cockroach barely misses you.
You hit the giant cockroach.
The giant cockroach is almost dead.
The quokka barely misses you. The quokka bites you.
* * * LOW HITPOINT WARNING * * *
The giant cockroach misses you.
You closely miss the giant cockroach.
The giant cockroach is almost dead.
The quokka bites you.
* * * LOW HITPOINT WARNING * * *
The quokka closely misses you. The giant cockroach bites you.
* * * LOW HITPOINT WARNING * * *
You barely miss the giant cockroach.
You punch the giant cockroach, but do no damage.
The giant cockroach is almost dead.
The quokka bites you.
* * * LOW HITPOINT WARNING * * *
The quokka closely misses you. The giant cockroach misses you.
You hit the giant cockroach but do no damage.
The giant cockroach is almost dead.
The quokka closely misses you. The quokka completely misses you.
The giant cockroach misses you.
You barely miss the giant cockroach.
You punch the giant cockroach, but do no damage.
The giant cockroach is almost dead.
The quokka misses you. x2; The giant cockroach barely misses you.
You hit the giant cockroach but do no damage.
The giant cockroach is almost dead.
The quokka bites you.
You die...

.# #.# .# #.# .
... .# # #. #.#
..# #.#.##.##..###
.............
##.#...[....###
.......o......####
#B#........#
#@#.#.#.##.#
#rro....##.# #####
##
###.#.#.##.###....
.#
##...............
.#
#.>....##.###.###
.#
#.......<.....###
.#
#................
.#
#.....###.#######
.# #.....###.# #


You could see 2 orcs, 2 quokkas and a giant cockroach.

Vanquished Creatures
  Grinder (D:3)
  2 adders
  2 dart slugs
  2 orcs (D:3)
  6 ball pythons
  6 bats
  2 endoplasms
  2 giant cockroaches (D:2)
  2 goblins
  6 hobgoblins (D:2)
  6 jackals
  7 kobolds
  5 quokkas
  2 frilled lizards (D:1)
  7 rats
58 creatures vanquished.

Notes
Turn   | Place    | Note
-------+----------+-------------------------------------------
     0 | D:1      | nickcage the Spriggan Enchanter began the quest for the
                  | Orb.
     0 | D:1      | Reached XP level 1. HP: 9/9 MP: 5/5
   273 | D:1      | Reached XP level 2. HP: 13/13 MP: 6/6
   276 | D:1      | Learned a level 2 spell: Ensorcelled Hibernation
   670 | D:1      | Found a faded altar of an unknown god.
  1507 | D:1      | Reached skill level 5 in Hexes
  1761 | D:2      | Reached XP level 3. HP: 16/16 MP: 6/8
  2872 | D:2      | Reached XP level 4. HP: 21/21 MP: 4/9
  3086 | D:3      | Noticed Grinder
  3106 | D:3      | Killed Grinder
  3107 | D:3      | Reached XP level 5. HP: 6/24 MP: 10/10
  3353 | D:3      | Reached skill level 5 in Short Blades
  3482 | D:3      | Reached XP level 6. HP: 28/28 MP: 11/11
  3580 | D:3      | HP: 1/28 [quokka (2)]
  3583 | D:3      | Slain by a quokka

Illustrated notes

Levels and vault maps discovered:
D:1:      giann_bridges, layout_loops_ring, ebering_ecumenical_altar_hall
D:2:      wander_river, layout_loops_ring, corexii_leaking_fountain,
          minmay_pentomino_r4
D:3:      layout_loops_ring, serial_shops, nicolae_shop_hallway_plus,
          uniq_grinder

Skill      XL: |  1  2  3  4  5 |
---------------+----------------+-----
Hexes          | 4 5 |  5.9
Short Blades   | 4 5 |  5.0
Dodging        | |  2.6
Stealth        | |  4.4
Spellcasting   | |  2.6

Action                   |  1- 3 |  4- 6 || total
-------------------------+-------+-------++-------
Melee: Dagger            |   122 |    33 ||   155
       Punch             |       |     2 ||     2
Throw: Dart              |       |     5 ||     5
 Cast: Ensorcelled Hiber |    42 |    11 ||    53
 Stab: Sleeping          |    36 |     9 ||    45
       Invisible         |       |     3 ||     3
Armor: Robe              |    19 |     4 ||    23
Dodge: Dodged            |   120 |    43 ||   163
